 Dungeon Crawl Stone Soup version 0.28-a0-1184-g53156a8862 (console) character file.

Game seed: 6917722074127770925

231 jejorda2 the Chopper (level 5, -3/44 HPs)
             Began as a Palentonga Berserker on Dec 17, 2021.
             Was a Believer of Trog.
             Slain by Pikel (6 damage)
             ... on level 5 of the Dungeon.
             The game lasted 00:06:57 (3606 turns).

jejorda2 the Chopper (Palentonga Berserker)         Turns: 3606, Time: 00:06:57

Health: -3/44      AC:  7    Str: 23    XL:     5   Next: 73%
Magic:  5/5        EV:  9    Int:  7    God:    Trog [**....]
Gold:   195        SH:  0    Dex:  9    Spells: 4/4 levels left

rFire   . . .      SeeInvis +   a - +0 hand axe
rCold   . . .      Faith    .   (no shield)
rNeg    . . .      Spirit   .   d - +0 ring mail
rPois   .          Reflect  .   (no helmet)
rElec   .          Harm     .   (no cloak)
rCorr   .          Rampage  .   b - +0 pair of gloves
Will    .....                   (no barding)
Stlth   ..........              (no amulet)
HPRegen 0.14/turn               p - ring of flight
MPRegen 0.09/turn               (no ring)

@: on berserk cooldown, flying
A: large, rugged brown scales 3, see invisible, deformed body, roll 1, armoured
tail
a: Rolling Charge, Renounce Religion, Berserk, Trog's Hand


You were on level 5 of the Dungeon.
You worshipped Trog.
Trog was pleased with you.
You visited 1 branch of the dungeon, and saw 5 of its levels.

You collected 195 gold pieces.

Inventory:

Hand Weapons
 a - a +0 hand axe (weapon)
Missiles
 n - 19 poisoned darts
Armour
 b - a +0 pair of gloves (worn)
 d - a +0 ring mail (worn)
Jewellery
 k - a ring of ice
 p - a ring of flight (left hand)
Scrolls
 e - 2 scrolls of blinking {unknown}
 h - a scroll of magic mapping {unknown}
 i - 2 scrolls of teleportation {unknown}
 l - 3 scrolls of identify {unknown}
 m - a scroll of immolation {unknown}
Potions
 c - 2 potions of mutation {unknown}
 f - a potion of cancellation
 g - a potion of degeneration {unknown}
 j - a potion of flight {unknown}
 o - a potion of heal wounds {unknown}
 q - a potion of lignification {unknown}
 r - a potion of might {unknown}


   Skills:
 + Level 4.1 Fighting
 * Level 5.1 Axes
 + Level 2.7 Armour
 - Level 1.5 Dodging


You had 4 spell levels left.
You didn't know any spells.
Your spell library was empty.

Dungeon Overview and Level Annotations

Branches:
Dungeon (5/15)
 Temple: D:4-7

Altars:
Kikubaaqudgha

Annotations:
D:5 Pikel


Innate Abilities, Weirdness & Mutations

You are completely covered in rugged brown scales. (AC +3, +7% HP)
You have supernaturally acute eyesight. (SInv)
Armour fits poorly on your strangely shaped body.
You can roll at nearby foes to attack.
You have a long armoured tail.


Message History

Pikel is heavily wounded.
You closely miss Pikel.
Pikel is heavily wounded.
Pikel hits you with a +1 whip of freezing.
Pikel freezes you.
You barely miss Pikel.
Pikel is heavily wounded.
Pikel cracks his whip.
Pikel hits you with a +1 whip of freezing!
Pikel freezes you.
You miss Pikel.
Pikel is heavily wounded.
You barely miss Pikel.
Pikel is heavily wounded.
Pikel hits you with a +1 whip of freezing!
* * * LOW HITPOINT WARNING * * *
Pikel freezes you.
* * * LOW HITPOINT WARNING * * *
You slash Pikel!
Pikel is severely wounded.
Pikel barely misses you.
You miss Pikel.
Pikel is severely wounded.
You are no longer berserk.
You are exhausted.
You feel yourself slow down.
You hit Pikel.
Pikel is almost dead.
Pikel hits you with a +1 whip of freezing.
* * * LOW HITPOINT WARNING * * *
Pikel freezes you.
* * * LOW HITPOINT WARNING * * *
Pikel barely misses you.
You aren't carrying any items that you can evoke.
It was a potion of cancellation.
Your magical effects are unravelling.
You feel magically purged.
You feel yourself speed up.
Pikel hits you with a +1 whip of freezing.
You die...

#. # #.# # #.# # #.# # #.# #
#####.# # #...#.######### #
#....@K55.... #
###.#.#.########## #
.................. #
###........###### #
..=...####.....# #
####..#....###.# #
....#.##.###.#
############.#.#...##.#######
##..............._...........


You could see Pikel and 2 lemures.

Vanquished Creatures
  A lemure (D:5)
  A scorpion (D:4)
  2 iguanas
  2 adders
  3 gnolls (D:2)
  A white imp (D:5)
  An adder skeleton (D:4)
  5 dart slugs
  2 orcs
  6 endoplasms
  2 giant cockroaches (D:3)
  6 goblins
  6 hobgoblins
  A quokka (D:1)
  4 ball pythons
  2 bats
  A frilled lizard (D:1)
  11 kobolds
  4 rats
61 creatures vanquished.

Notes
Turn   | Place    | Note
-------+----------+-------------------------------------------
     0 | D:1      | jejorda2 the Palentonga Berserker began the quest for the
                  | Orb.
     0 | D:1      | Reached XP level 1. HP: 19/19 MP: 1/1
   143 | D:1      | Found a faded altar of an unknown god.
   401 | D:1      | Reached XP level 2. HP: 21/25 MP: 2/2
  1434 | D:2      | Reached XP level 3. HP: 31/31 MP: 3/3
  1435 | D:2      | Reached ** piety under Trog
  1437 | D:2      | Reached skill level 4 in Axes
  1663 | D:2      | Reached XP level 4. HP: 37/37 MP: 4/4
  3153 | D:4      | Reached XP level 5. HP: 40/44 MP: 5/5
  3418 | D:5      | Entered Level 5 of the Dungeon
  3511 | D:5      | Found an ancient bone altar of Kikubaaqudgha.
  3519 | D:5      | Reached skill level 5 in Axes
  3584 | D:5      | Noticed a lemure
  3584 | D:5      | Noticed a lemure
  3585 | D:5      | Noticed Pikel
  3589 | D:5      | Noticed a lemure
  3592 | D:5      | Killed a lemure
  3605 | D:5      | HP: 2/44 [Pikel (2)]
  3606 | D:5      | Slain by Pikel

Illustrated notes

Levels and vault maps discovered:
D:1:      dpeg_arrival_oval, layout_loops_ring,
          shapermc_ecumenical_altar_starsandcircs
D:2:      layout_loops_ring, serial_rivers, chequers_serial_rivers_micro_c,
          chequers_serial_rivers_micro_b, chequers_serial_rivers_micro_c,
          chequers_serial_rivers_micro_e, chequers_serial_rivers_micro_a
D:3:      layout_basic, chequers_serial_rivers_micro_a
D:4:      layout_rooms
D:5:      layout_basic, nicolae_overflow_crystal_walls,
          hangedman_decor_clover_reticule, uniq_menkaure, uniq_pikel

Skill      XL: |  1  2  3  4  5 |
---------------+----------------+-----
Armour         | 2 |  2.7
Axes           | 4 5 |  5.1
Fighting       | 4 |  4.1
Dodging        | |  1.5

Action                   |  1- 3 |  4- 6 || total
-------------------------+-------+-------++-------
Melee: Hand axe          |    68 |    81 ||   149
       Tailslap          |     6 |     9 ||    15
Invok: Berserk           |     1 |     4 ||     5
 Abil: Rolling Charge    |    26 |    25 ||    51
  Use: Potion            |       |     1 ||     1
Armor: Animal skin       |     4 |       ||     4
       Ring mail         |    10 |    23 ||    33
Dodge: Dodged            |    25 |    21 ||    46

Table legend: (Time is in decaauts)
 A = Elapsed time spent in this place.
 B = Non-inter-level travel time spent in this place.
 C = Inter-level travel time spent in this place.
 D = Time resting spent in this place.
 E = Time spent auto-exploring this place.
 F = Levels seen in this place.
 G = Mean time per level.
                   A        B        C        D        E       F      G
               +--------+--------+--------+--------+--------+-----+--------+
         Total |   3652 |   3449 |    203 |    175 |   2861 |   5 |  730.4 |
       Dungeon |   3652 |   3449 |    203 |    175 |   2861 |   5 |  730.4 |
               +--------+--------+--------+--------+--------+-----+--------+

Top non-repeatable levels by time:
     D:1: 1230 daAuts
     D:2: 1173 daAuts
     D:3: 559 daAuts
     D:4: 496 daAuts
     D:5: 192 daAuts
